Cogmind - Beta 13 @@@ ROGUE MODE // 2024.05.10 @ 19:43:16 Player: b00n1n Result: Destroyed by G-34 Mercenary with Small Laser Performance ------------- Evolutions (1) 500 Regions Visited (4) 800 Robots Destroyed (37) 185 Value Destroyed (960) 960 Prototype IDs (2) 40 Alien Tech Used (0) 0 Bonus (0) 0 TOTAL SCORE: 2485 Bonus ------- None Cogmind --------- Core Integrity 0/400 Matter 290/300 Energy 59/125 System Corruption 0% Temperature Cool (6) Movement Walking (120) Location -9/Mines Parts ------- > --- POWER (1) -------- Light Ion Engine > --- PROPULSION (4) --- Aluminum Leg Improved Aluminum Leg Improved Aluminum Leg Improved Aluminum Leg > --- UTILITY (2) ------ Small Storage Unit ECM Suite > --- WEAPON (2) ------- (None) > --- INVENTORY (8) ---- Aluminum Leg Aluminum Leg Improved Heat Sink Small Matter Pod (50) Large Matter Pod (115) Trap Extractor (0/4) Datajack Peak State ------------ > --- POWER ------------ Ion Engine > --- PROPULSION ------- Aluminum Leg Aluminum Leg Improved Hover Unit Improved Hover Unit > --- UTILITY ---------- Small Storage Unit Large Matter Pod > --- WEAPON ----------- Light Cannon Plasma Cutter > --- INVENTORY -------- Light Ion Engine Aluminum Leg Aluminum Leg Aluminum Leg Small Matter Pod ECM Suite Trap Extractor Datajack [Rating: 12] Favorites ----------- Power Ion Engine Engine Ion Engine Propulsion Aluminum Leg Treads Light Treads Leg Aluminum Leg Hover Unit Improved Hover Unit Utility Small Storage Unit Device Improved Terrain Scanner Storage Small Storage Unit Processor Visual Processing Unit Protection Light Armor Plating Weapon Light Assault Rifle Energy Gun EM Pulse Gun Ballistic Gun Light Assault Rifle Ballistic Cannon Light Cannon Special Weapon Plasma Cutter Build | -11 -10 -10 -9 -9 ------- Run | Yrd Mat Min Mat Min Slots Evolved 2 | . . . 2 . Power . | . . . . . Propulsion 2 | . . . 2 . Utility . | . . . . . Weapon . | . . . . . Parts Attached 55 | 7 11 2 33 2 Power 6 | 1 2 . 2 1 Engine 6 | 1 2 . 2 1 Core . | . . . . . Reactor . | . . . . . Propulsion 26 | 2 3 . 21 . Treads 2 | . . . 2 . Leg 22 | 2 3 . 17 . Wheel . | . . . . . Hover 2 | . . . 2 . Flight . | . . . . . Utility 16 | 2 5 2 6 1 Device 9 | 1 4 2 1 1 Storage 5 | 1 1 . 3 . Processor 1 | . . . 1 . Hackware . | . . . . . Protection 1 | . . . 1 . Artifact . | . . . . . Weapon 7 | 2 1 . 4 . Energy Gun 2 | 1 . . 1 . Energy Cannon . | . . . . . Ballistic Gun 2 | 1 1 . . . Ballistic Cannon 2 | . . . 2 . Launcher . | . . . . . Special Weapon 1 | . . . 1 . Impact Weapon . | . . . . . Slashing Weapon . | . . . . . Piercing Weapon . | . . . . . Special Melee Weapon . | . . . . . Unidentified Prototypes . | . . . . . Parts Lost 14 | . 2 . 12 . Power 3 | . 1 . 2 . Propulsion 4 | . . . 4 . Utility 1 | . . . 1 . Weapon 6 | . 1 . 5 . Highest Loss Streak 4 | . 2 . 4 . To Critical Strikes . | . . . . . Average Slot Usage (%) 97 | . 99 100 95 75 Engine 12 | . 13 14 10 9 Treads 2 | . . . 6 . Leg 29 | . 27 28 32 44 Hover 1 | . . . 4 . Device 9 | . 13 14 2 5 Storage 15 | . 14 14 17 16 Energy Gun 1 | . 2 . 1 . Ballistic Gun 18 | . 25 28 8 . Ballistic Cannon 2 | . . . 7 . Naked Turns . | . . . . . Heaviest Build 19 | 14 14 14 19 11 Greatest Support 49 | 20 20 20 49 49 Greatest Overweight (x) 2 | 1 . . 2 . Average Overweight (x) . | . . . . . Largest Inventory Capacity 8 | 8 8 8 8 8 Average Capacity 7 | 7 8 8 8 8 Most Carried 8 | 7 8 8 8 8 Average Carried 7 | 5 7 8 7 7 Final Capacity 8 | 8 8 8 8 8 Final Carried 8 | 7 8 8 8 7 Class Distribution -------------------- 83% | Mutant 16% | Scavenger-Mutant Dominant Class ---------------- Mutant | -10/Materials Mutant | -10/Mines Scavenger-Mutant | -9/Materials Mutant | -9/Mines Resources | -11 -10 -10 -9 -9 ----------- Run | Yrd Mat Min Mat Min Matter Collected 1187 | 242 216 22 707 . Remotely . | . . . . . Salvage Created 1502 | 25 458 . 1019 . Parts 81 | 2 24 . 55 . Haulers Intercepted 2 | . 2 . . . Recyclers Shooed 4 | . 1 . 3 . Parts Field Recycled . | . . . . . Retrieved Matter . | . . . . . Parts Self-Destructed . | . . . . . Prevented . | . . . . . Kills | -11 -10 -10 -9 -9 ------- Run | Yrd Mat Min Mat Min Combat Hostiles Destroyed 29 | . 7 1 21 . Guns 19 | . 7 1 11 . Cannons 9 | . . . 9 . AOE 1 | . . . 1 . Classes Destroyed 9 | 1 5 1 2 . Tunneler 1 | 1 . . . . Hauler 2 | . 2 . . . Recycler 5 | . 1 . 4 . Watcher 1 | . 1 . . . Swarmer 6 | . 3 . 3 . Grunt 15 | . 4 . 11 . Brawler 2 | . . . 2 . Sentry 5 | . . . 5 . Assembled 1 | . . 1 . . Best Kill Streak 5 | 1 2 1 5 . Combat Bots Only 4 | . 2 1 4 . Max Kills in Single Turn 2 | 1 1 1 2 . Gunslinging . | . . . . . Exploded 1 | . . . 1 . Melee . | . . . . . Uniques/NPCs Destroyed . | . . . . . Combat | -11 -10 -10 -9 -9 -------- Run | Yrd Mat Min Mat Min Hostile Shots Fired 256 | . 41 2 188 25 Missed 73 | . 9 . 53 11 Damage Taken 2262 | 38 362 27 1671 164 Core 478 | . 44 27 327 80 Absorbed by Shields . | . . . . . Regen/Repaired (Parts) 42 | . 42 . . . Core Remaining (%) 85 | 100 . 71 . . Volleys Fired 147 | 11 51 1 84 . Largest 2 | 2 2 2 2 . Hottest 70 | 60 60 40 70 . Shots Fired 270 | 22 102 2 144 . Gun 207 | 22 102 2 81 . Cannon 58 | . . . 58 . Launcher . | . . . . . Special 5 | . . . 5 . Kinetic 221 | 11 90 2 118 . Thermal 5 | . . . 5 . Explosive . | . . . . . Electromagnetic 44 | 11 12 . 21 . Robot Hit Streak 13 | 11 13 2 11 . Robot Miss Streak 5 | 3 5 . 5 . Penetration Max . | . . . . . Secondary Targets 1 | . . . 1 . Max Gunslinging Chain 1 | . . . 1 . Shots Hit Robots 173 | 16 64 1 92 . Core Hits 81 | 2 25 3 51 . Critical Kills 1 | . 1 . . . Critical Parts Destroyed 1 | . 1 . . . Critical Strikes 4 | . 2 . 2 . Destroy 2 | . 2 . . . Blast 2 | . . . 2 . Melee Attacks . | . . . . . Impact . | . . . . . Slashing . | . . . . . Piercing . | . . . . . Sneak Attacks . | . . . . . Combat Hostiles . | . . . . . Follow-up Attacks . | . . . . . Damage Inflicted 2257 | 195 582 19 1461 . Guns 1376 | 168 572 14 622 . Cannons 625 | . . . 625 . Explosions 191 | 27 . . 164 . Melee . | . . . . . Ramming 43 | . 10 5 28 . Kinetic 1455 | 84 443 14 914 . Thermal 213 | 27 . . 186 . Explosive . | . . . . . Electromagnetic 546 | 84 129 . 333 . Impact . | . . . . . Slashing . | . . . . . Piercing . | . . . . . Highest Corruption . | . . . . . Average Corruption . | . . . . . Corruption Purged . | . . . . . Corruption Blocked . | . . . . . Overload Shots . | . . . . . Overflow Damage 3 | 3 . . . . Projectiles . | . . . . . Explosions 3 | 3 . . . . Melee . | . . . . . Knockbacks 4 | . . . 4 . Impact . | . . . . . Kinetic 4 | . . . 4 . Secondary . | . . . . . Self-Inflicted Damage 72 | 39 . . 33 . Shots 2 | 1 . . 1 . Rammed . | . . . . . Targets Rammed 18 | . 5 1 12 . Kicked 18 | . 5 1 12 . Crushed . | . . . . . Highest Temperature 138 | 52 138 . 119 14 Average Temperature 36 | 23 61 . 30 14 Received Heat Transfer 828 | . 165 9 564 90 Siege Activations . | . . . . . Robots Corrupted . | . . . . . Combat Hostiles . | . . . . . Parts Fried . | . . . . . Impact Corruptions . | . . . . . Robots Melted . | . . . . . Combat Hostiles . | . . . . . Parts Melted . | . . . . . Heat Transferred 324 | 50 . . 274 . Parts Sabotaged . | . . . . . Parts Stolen . | . . . . . Parts Stripped . | . . . . . Power Chain Reactions 3 | 1 . . 2 . Alert | -11 -10 -10 -9 -9 ------- Run | Yrd Mat Min Mat Min Peak Influence 392 | 5 179 83 392 189 Initial 144 | . 3 38 31 144 Average 108 | 1 71 40 210 171 Maximum Alert Level 1 | . . . 1 . Low Security (%) 81 | 100 100 100 43 100 Level 1 18 | . . . 56 . Level 2 . | . . . . . Level 3 . | . . . . . Level 4 . | . . . . . Level 5 . | . . . . . High Security . | . . . . . Max Security . | . . . . . Squads Dispatched 6 | . 2 . 4 . Investigation 1 | . 1 . . . Extermination . | . . . . . Reinforcement 5 | . 1 . 4 . Assault . | . . . . . Garrison . | . . . . . Intercept . | . . . . . Searches Triggered . | . . . . . Construction Impeded 1 | . . . 1 . Haulers Reinforced . | . . . . . Active Scanning Responses . | . . . . . Cargo Convoy Interrupts . | . . . . . Stealth | -11 -10 -10 -9 -9 --------- Run | Yrd Mat Min Mat Min Distress Signals 7 | . 3 1 3 . Communications Jammed . | . . . . . Distress Signals . | . . . . . Times Spotted 73 | . 22 4 36 11 Peak Tracking Total 9 | . 3 3 6 9 Tactical Retreats 15 | . 6 2 5 2 Traps | -11 -10 -10 -9 -9 ------- Run | Yrd Mat Min Mat Min Traps Triggered 2 | . 2 . . . Indirectly . | . . . . . Trap Hack Attempts . | . . . . . Triggered . | . . . . . Disarmed . | . . . . . Reprogrammed . | . . . . . Reused . | . . . . . Traps Extracted . | . . . . . Installed . | . . . . . Triggered . | . . . . . Machines | -11 -10 -10 -9 -9 ---------- Run | Yrd Mat Min Mat Min Machines Disabled 1 | . . . 1 . Max in Single Turn 1 | . . . 1 . Machines Repaired . | . . . . . Machines Dismantled . | . . . . . Machines Sabotaged . | . . . . . Overloaded Fab Kills . | . . . . . Hacking | -11 -10 -10 -9 -9 --------- Run | Yrd Mat Min Mat Min Machines Accessed 11 | . 6 . 5 . Terminals 9 | . 4 . 5 . Fabricators . | . . . . . Repair Stations 1 | . 1 . . . Recycling Units 1 | . 1 . . . Scanalyzers . | . . . . . Garrison Access . | . . . . . Total Hacks 40 | . 17 . 23 . Successful 21 | . 9 . 12 . Failed 19 | . 8 . 11 . Catastrophic 3 | . 2 . 1 . Database Lockouts . | . . . . . Manual 10 | . 3 . 7 . Terminals 35 | . 12 . 23 . Fabricators . | . . . . . Repair Stations 2 | . 2 . . . Recycling Units 3 | . 3 . . . Scanalyzers . | . . . . . Garrison Access . | . . . . . Terminal Hacks 18 | . 6 . 12 . Record 2 | . . . 2 . Prototype ID Bank 1 | . 1 . . . Emergency Access Points 2 | . 2 . . . Alert Level 5 | . 2 . 3 . Unreport Threat 1 | . . . 1 . Locate Traps 1 | . . . 1 . Dispatch Records 2 | . . . 2 . Recall Investigation 1 | . 1 . . . Hauler Manifests 2 | . . . 2 . Zone Layout 1 | . . . 1 . Fabricator Hacks . | . . . . . Repair Station Hacks 2 | . 2 . . . Scan Component 1 | . 1 . . . Repair 1 | . 1 . . . Recycling Unit Hacks 1 | . 1 . . . Report Inventory 1 | . 1 . . . Scanalyzer . | . . . . . Garrison Access Hacks . | . . . . . Unauthorized Hacks . | . . . . . Terminals . | . . . . . Fabricators . | . . . . . Repair Stations . | . . . . . Recycling Units . | . . . . . Scanalyzers . | . . . . . Garrison Access . | . . . . . Data Cores Recovered . | . . . . . Used . | . . . . . Hacking Detections 10 | . 5 . 5 . Full Trace Events . | . . . . . Feedback Events . | . . . . . Feedback Blocked . | . . . . . Robot Schematics Acquired . | . . . . . Robots Built . | . . . . . Authchips . | . . . . . Time . | . . . . . Total Robot Build Rating . | . . . . . Part Schematics Acquired . | . . . . . Parts Built . | . . . . . Authchips . | . . . . . Time . | . . . . . Total Part Build Rating . | . . . . . Parts Repaired 1 | . 1 . . . Time 26 | . 26 . . . Parts Recycled . | . . . . . Recycled Matter . | . . . . . Retrieved Matter . | . . . . . Retrieved Components . | . . . . . Parts Scanalyzed . | . . . . . Part Schematics Acquired . | . . . . . Parts Damaged . | . . . . . Bothacking | -11 -10 -10 -9 -9 ------------ Run | Yrd Mat Min Mat Min Used RIF Installer . | . . . . . Robots Hacked . | . . . . . Non-combat . | . . . . . Combat . | . . . . . Robot Hacks Applied . | . . . . . Relay Couplers Released . | . . . . . Fabnet Peak Effective % . | . . . . . Robots Rewired . | . . . . . Allies Hacked . | . . . . . Hacks Repelled . | . . . . . Allies | -11 -10 -10 -9 -9 -------- Run | Yrd Mat Min Mat Min Total Allies . | . . . . . Largest Group . | . . . . . Highest-Rated Group . | . . . . . Highest-Rated Ally . | . . . . . Total Orders . | . . . . . Ally Attacks . | . . . . . Total Damage . | . . . . . Kills . | . . . . . Allies Corrupted . | . . . . . Allies Melted . | . . . . . Intel | -11 -10 -10 -9 -9 ------- Run | Yrd Mat Min Mat Min Robot Analysis Total . | . . . . . Derelict Logs Recovered . | . . . . . Drone Launches . | . . . . . Drone Recoveries . | . . . . . Exploration | -11 -10 -10 -9 -9 ------------- Run | Yrd Mat Min Mat Min Turns Passed 2293 | 205 965 324 741 58 Spaces Moved 1352 | 122 597 264 323 46 Core 10 | 10 . . . . Treads 62 | . . . 62 . Legs 1274 | 112 597 264 255 46 Wheels . | . . . . . Hover 6 | . . . 6 . Flight . | . . . . . Fastest Speed 50 | 50 120 120 120 120 Average Speed 121 | 115 120 120 129 120 Slowest Speed 200 | 120 120 120 200 120 Overloaded Moves . | . . . . . Propulsion Burnouts . | . . . . . Robots Hopped . | . . . . . Cave-ins Triggered . | . . . . . Exploration Rate (%) 32 | 6 64 44 34 15 Regions Visited 4 Branch Regions 2 Pre-discovered Areas . | . . . . . Known Exits Taken . | . . . . . Unknown Exits Taken 4 | 1 1 1 1 . Scrap Searched . | . . . . . Spaces Dug . | . . . . . Terrain Destroyed 10 | 5 . . 5 . Melee . | . . . . . Projectile . | . . . . . AOE 10 | 5 . . 5 . Terrain Rammed . | . . . . . Walls Destroyed . | . . . . . Machines Disabled . | . . . . . Actions | -11 -10 -10 -9 -9 --------- Run | Yrd Mat Min Mat Min Total 1752 | 163 763 269 509 48 Wait 119 | 17 73 1 28 . Move 1348 | 121 596 263 322 46 Hop . | . . . . . Pick Up 32 | 7 14 . 11 . Fast Attach 19 | 7 2 1 9 . Attach 14 | . 2 . 11 1 Detach 2 | . . . 2 . Swap 22 | . 7 1 13 1 Drop 31 | . 13 1 17 . Fire 147 | 11 51 1 84 . Melee . | . . . . . Ram . | . . . . . Kick 18 | . 5 1 12 . Crush . | . . . . . Escape Stasis . | . . . . . Rewire . | . . . . . Trap . | . . . . . Miscellaneous . | . . . . . Route ------- -11/Scrapyard -10/Materials (discovered 3 exits: *Mat / *Min x2) -10/Mines -9/Materials -9/Mines History --------- Turn | Location | Event 12 | -11/Scrapyard | Discovered new exit (range 16) 206 | -11/Scrapyard | Entered Materials 302 | -10/Materials | Build established: Mutant 589 | -10/Materials | Discovered new exit (range 9) 708 | -10/Materials | Discovered new exit (range 8) 888 | -10/Materials | Discovered new exit (range 10) 1150 | -10/Materials | Repaired Aluminum Leg 1171 | -10/Materials | Entered Mines 1176 | -10/Mines | Assembled infested the area 1181 | -10/Mines | Assisted by a Guerilla fighting off Assembled 1489 | -10/Mines | Discovered new exit (range 5) 1495 | -10/Mines | Entered Materials 1495 | -9/Materials | Evolved 2 slots: Propulsion x2 1880 | -9/Materials | Lost 4 parts (1p1n1u1w) 2023 | -9/Materials | Build established: Scavenger-Mutant 2077 | -9/Materials | Core integrity fell below 50% 2194 | -9/Materials | Discovered new exit (range 7) 2236 | -9/Materials | Core integrity fell below 20% 2236 | -9/Materials | Entered Mines 2294 | -9/Mines | Destroyed by G-34 Mercenary with Small Laser Last Messages --------------- 02183_ Acquired 10 matter. 02186_ Dropped Imp. Hover Unit. 02187_ Acquired Aluminum Leg. 02190_ Kicked U-05 Engineer out of the way. 02191_ Acquired 8 matter. 02194_ EXIT=FOUND 02205_ EM Shotgun destroyed. 02214_ Dropped Aluminum Leg. 02215_ Ion Engine destroyed. 02216_ Dropped Aluminum Leg. 02224_ Connecting with Terminal... >>Alert(Check) Current Alert Level: 1-Y LOCATION=UNKNOWN GOAL=ESCAPE Something is scanning the area. 02284_ C-30 ARC bursts open, deploying its payload. 02284_ S-10 Pest unfolds itself. 02292_ Critical hit (Burn: +37). Map ----- +----------------------------------------------------+ | ?????????????????????????????????????????????????? | | ?????????????????????????????????????????????????? | | ?????????????????????????????????????????????????? | | ?????????????????????????????????????????????????? | | ?????????????????????????????????????????????????? | | ???????????????????? ??????????????????????????? | | ????????????????????" ??????????????????????????? | | ????????????????????%"???????????????????????????? | | ????????????????????" ???????????????????????????? | | ???????????????????? ???????????????????????????? | | ???????????????????? ???????????????????????????? | | ???????????????????? ????????????????????????????? | | ??????????????????## ????????????????????????????? | | ??????????????????# ????????????????????????????? | | ??????????????????# #????????????????????????????? | | ?????????????????? #????????????????????????????? | | ?????????????????## #????????????????????????????? | | ????????????????## ##???????????????????????????? | | ????????????????# ##??????????????????????????? | | ?????????????????# #??????????????????????????? | | ?????????????????# s #??????????????????????????? | | ?????????????????## ##?????????????????????????? | | ??????????????????## ##????????????????????????? | | ???????????????????## ##???????????????????????? | | ????????????????????## ###??????###????????????? | | ???????????????####### @ #### ?????????????? | | ???????????????# #????????????????? | | ???????????????# tgg ### #????????????????? | | ???????????????# ##### #????????????????????? | | ???????????????# #???##### #????????????????????? | | ???????????????# #???????? #????????????????????? | | ???????????????# #???????? #????????????????????? | | ???????????????# #???????? ????????????????????? | | ???????????????# #????????####???????????????????? | | ???????????????# #???????????????????????????????? | | ???????????????# #???????????????????????????????? | | ??????????###### #???????????????????????????????? | | ??????????# #???????????????????????????????? | | ????####### ######???????????????????????????????? | | ????# #????????????????????????????????????? | | ????# #????????????????????????????????????? | | ##??# #######????????????????????????????????????? | | #?# #??????????????????????????????????????????? | | ## ##?????????????????????????????????????????? | | ##????????????????????????????????????????? | | #????????????????????????????????????????? | | #????????????????????????????????????????? | | ##????????????????????????????????????????? | | #?????????????????????????????????????????? | | ?????????????????????????????????????????? | +----------------------------------------------------+ Best States ------------- Heat Dissipation 28 Energy Generation 12 Energy Capacity 400 Matter Stores 450 Matter Capacity 450 Sight Range 18 Terrain Scan Range 16 Terrain Scan Density 10 ECM Strength 1 Armor Coverage 150 Evasion (%) 55 Recoil Reduction 2 Item Schematics ----------------- None Robot Schematics ------------------ None Fabricated ------------ Nothing Alien Tech Used ----------------- None Achievements -------------- None Challenges ------------ None Game ------ Seed LayeredMasterMicrothruster Manual? 0 Play Time 00:28:39 Cumulative 73.2 hours Start 2024.05.10 @ 19:11:30 End 2024.05.10 @ 19:43:16 Sessions 3 Manual Loads 0 Difficulty Rogue Special Mode None Game No. 38 Rogue 38 Adventurer 0 Explorer 0 Win Type - Total 0 Types 0/0/0/0/0/0/0/0/0 Lore% 35 Gallery% 54 Achievement% 30 Wizard Run 0 Options --------- Layout 1 ASCII 1 Keyboard 1 Movement Vi Keybinds 0 Fullscreen 1 Font 24/Smallcaps Map View 50x35 Zoom Use 7% Tactical HUD 1 Map Filters NONE Filters NONE Steam 1 RUN: 044a2338-8110-45ef-ba94-f70cad6a4e65